 Dungeon Crawl Stone Soup version 0.28.0-45-g0d030f2227 (webtiles) character file.

Game seed: 16531721326211683446

291 nickcage the Cudgeller (level 6, 0/47 HPs)
             Began as a Formicid Fighter on Apr 5, 2022.
             Was an Initiate of Okawaru.
             Succumbed to a killer bee's poison
             ... on level 5 of the Dungeon.
             The game lasted 00:08:56 (4615 turns).

nickcage the Cudgeller (Formicid Fighter)           Turns: 4615, Time: 00:08:56

Health: 0/47       AC:  9    Str: 23    XL:     6   Next: 58%
Magic:  6/6        EV:  9    Int:  7    God:    Okawaru [......]
Gold:   112        SH:  4    Dex: 10    Spells: 5/5 levels left

rFire   . . .      SeeInvis +   j - +1 morningstar
rCold   . . .      Faith    .   c - +0 buckler
rNeg    . . .      Spirit   .   b - +1 scale mail
rPois   .          Reflect  .   (helmet unavailable)
rElec   .          Harm     .   (no cloak)
rCorr   .          Rampage  .   (no gloves)
Will    .....                   e - +0 pair of boots
Stlth   ..........              (no amulet)
HPRegen 0.15/turn               (no ring)
MPRegen 0.10/turn               (no ring)

@: mighty, lethally poisoned (0 -> -6)
A: permanent stasis, dig shafts and tunnels, antennae 3, four strong arms
a: Dig, Shaft Self, Renounce Religion


You were on level 5 of the Dungeon.
You worshipped Okawaru.
Okawaru was noncommittal.
You visited 2 branches of the dungeon, and saw 8 of its levels.

You collected 112 gold pieces.

Inventory:

Hand Weapons
 j - a +1 morningstar (weapon)
Missiles
 k - 13 poisoned darts (quivered)
Armour
 b - a +1 scale mail (worn)
 c - a +0 buckler (worn)
 e - a +0 pair of boots (worn)
Jewellery
 r - an amulet of the acrobat
 s - a ring of fire
Wands
 t - a wand of digging (5)
Scrolls
 g - 2 scrolls of identify
 h - a scroll of enchant armour
 m - a scroll of noise {unknown}
 n - a scroll of vulnerability {unknown}
 o - a scroll of teleportation {unknown}
 q - a scroll of immolation {unknown}
Potions
 f - a potion of curing {unknown}
 l - a potion of haste {unknown}


   Skills:
 - Level 3.2 Fighting
 + Level 6.5 Maces & Flails
 - Level 3.2 Armour
 - Level 3.6 Shields


You had 5 spell levels left.
You didn't know any spells.
Your spell library contained the following spells:

 Spells                   Type           Power      Damage    Failure   Level
 Ensorcelled Hibernation  Hex/Ice        0%         N/A       91%         2
 Passwall                 Tmut/Erth      0%         N/A       91%         2
 Gell's Gravitas          Tloc           0%         N/A       99%         3
 Lesser Beckoning         Tloc           0%         N/A       99%         3
 Teleport Other           Tloc           0%         N/A       99%         3
 Manifold Assault         Tloc           0%         N/A       100%        5
 Dispersal                Tloc           0%         N/A       100%        6
 Blink                    Tloc           Unusable   N/A       N/A         2
 Swiftness                Air            Unusable   N/A       N/A         3

Dungeon Overview and Level Annotations

Branches:
Dungeon (7/15)             Temple (1/1) D:6

Altars:
Ashenzari
Cheibriados
Dithmenos
Gozag
Hepliaklqana
Kikubaaqudgha
Okawaru
Sif Muna
Uskayaw
Zin
The Shining One
Beogh

Annotations:
D:4 Pikel


Innate Abilities, Weirdness & Mutations

You cannot be hasted, slowed, berserked, paralysed or teleported.
You can dig through walls and to a lower floor.
You have a pair of large antennae on your head. (SInv)
Your four strong arms can wield two-handed weapons with a shield.


Message History

The killer bee stings you but does no damage.
The killer bee stings you. The killer bee barely misses you.
The killer bee stings you but does no damage.
The killer bee barely misses you. x2
You feel sick. The killer bee stings you.
The killer bee stings you but does no damage.
The killer bee completely misses you. The killer bee stings you.
The killer bee stings you! x2
* * * LOW HITPOINT WARNING * * *
You are lethally poisoned!
The killer bee poisons you! You block the killer bee's attack.
* * * LOW HITPOINT WARNING * * *
You feel very sick.
The killer bee stings you but does no damage.
The killer bee closely misses you.
* * * LOW HITPOINT WARNING * * *
You feel very sick.
You feel much better.
You feel sick. You block the killer bee's attack. The killer bee stings you.
You feel very mighty all of a sudden.
You feel sick. The killer bee stings you.
The killer bee stings you but does no damage.
You miss the killer bee.
You feel sick. The killer bee stings you.
The killer bee stings you but does no damage.
The killer bee barely misses you.
You barely miss the killer bee.
You feel sick. The killer bee stings you. You block the killer bee's attack.
You miss the killer bee.
You feel sick. The killer bee stings you.
You are more poisoned.
The killer bee poisons you! The killer bee stings you.
* * * LOW HITPOINT WARNING * * *
The killer bee misses you.
You miss the killer bee.
* * * LOW HITPOINT WARNING * * *
You feel very sick.
The killer bee stings you but does no damage.
The killer bee stings you!
* * * LOW HITPOINT WARNING * * *
You barely miss the killer bee.
You die...

# ###.# #..###...#
#########
#........##
#........
#..###....#
#.######.
##...#######.######.
#..y.............##.
##yyy#######.###.##.
##y## #.# #.##. #@#
#.###.##. #.#
#........ ##+#
#####.### ##...#
######.......
#.....##.........###
.......#>####.#..# #
.........###.....# #
.................# #
.........###.....# #


You could see 5 killer bees.

Vanquished Creatures
  A centaur zombie (D:6)
  A hound (D:4)
  A jelly (D:4)
  Jessica (D:3)
  A centaur skeleton (D:6)
  7 adders
  A worm (D:2)
  3 dart slugs
  2 orcs
  8 endoplasms
  2 giant cockroaches
  6 goblins
  4 hobgoblins
  8 kobolds
  6 quokkas
  3 ball pythons
  10 bats
  2 frilled lizards
  8 rats
75 creatures vanquished.

Vanquished Creatures (others)
  4 fungi (D:4)
  3 plants (D:4)
7 creatures vanquished.

Grand Total: 82 creatures vanquished

Notes
Turn   | Place    | Note
-------+----------+-------------------------------------------
     0 | D:1      | nickcage the Formicid Fighter began the quest for the Orb.
     0 | D:1      | Reached XP level 1. HP: 18/18 MP: 1/1
   168 | D:1      | Reached XP level 2. HP: 21/24 MP: 2/2
   317 | D:1      | Reached skill level 3 in Maces & Flails
   492 | D:1      | Reached XP level 3. HP: 27/29 MP: 3/3
   832 | D:1      | Found a faded altar of an unknown god.
  1484 | D:2      | Found a hide-covered altar of Uskayaw.
  1496 | D:2      | Reached skill level 4 in Maces & Flails
  1496 | D:2      | Reached XP level 4. HP: 34/35 MP: 4/4
  2454 | D:3      | Reached XP level 5. HP: 26/41 MP: 5/5
  2711 | D:3      | Reached skill level 5 in Maces & Flails
  2917 | D:3      | Noticed Jessica
  2924 | D:3      | Killed Jessica
  3539 | D:4      | Noticed Pikel
  3539 | D:4      | Noticed a lemure
  3539 | D:4      | Noticed a lemure
  3539 | D:4      | Noticed a lemure
  3541 | D:4      | Noticed a lemure
  3751 | D:4      | Reached XP level 6. HP: 47/47 MP: 6/6
  3801 | D:4      | Reached skill level 6 in Maces & Flails
  3858 | D:4      | You fall into a shaft and drop 3 floors!
  4133 | D:6      | Found a staircase to the Ecumenical Temple.
  4146 | Temple   | Entered the Ecumenical Temple
  4231 | Temple   | Became a worshipper of Warmaster Okawaru
  4527 | D:5      | Entered Level 5 of the Dungeon
  4614 | D:5      | HP: 1/47 [killer bee (7)]
  4615 | D:5      | Succumbed to a killer bee's poison

Illustrated notes

Levels and vault maps discovered:
D:1:      grunt_arrival_lava_bath, layout_basic,
          hellmonk_ecumenical_altar_defaced_shrine
D:2:      layout_loops_corners, basic_altar
D:3:      layout_basic, minmay_statues_item, uniq_jessica
D:4:      layout_gridville, grunt_temple_overflow_forces_of_nature,
          lemuel_tele_altar, hangedman_ru_absence, minmay_crossroads, uniq_pikel
D:5:      layout_loops_corners, mainiacjoe_overflow_catch_the_wave,
          guppyfry_early_orc_mine
D:6:      nicolae_cairo_tiling_very_big, layout_cave_pools
D:7:      layout_basic, gammafunk_temple_overflow_wave,
          nicolae_elevator_lobby_asterisk, uniq_menkaure,
          uniq_crazy_yiuf_cottage
Temple:   minmay_temple_curvy_loop

Skill      XL: |  1  2  3  4  5  6 |
---------------+-------------------+-----
Maces & Flails | 3 4 5 6 |  6.5
Fighting       | |  3.2
Armour         | |  3.2
Shields        | |  3.6

Action                   |  1- 3 |  4- 6 || total
-------------------------+-------+-------++-------
Melee: Flail             |    71 |       ||    71
       Morningstar       |    16 |   157 ||   173
 Abil: Dig               |       |     2 ||     2
  Use: Scroll            |       |     5 ||     5
       Potion            |       |     2 ||     2
Armor: Scale mail        |    31 |   116 ||   147
Dodge: Dodged            |    28 |   113 ||   141
Block: Buckler           |    16 |    43 ||    59
